 Dungeon Sprint DCSS version 0.31-a0-632-g766dd24fdf (webtiles) character file.

Game seed: 17958742164172662098

5880 sircluck the Grappler (level 10, 0/106 HPs)
             Began as a Troll Berserker on Aug 25, 2023.
             Was a High Priest of Trog.
             Slain by an unseen horror (10 damage)
             ... in the Dungeon (Sprint II: "The Violet Keep of Menkaure").
             The game lasted 00:01:35 (308 turns).

sircluck the Grappler (Troll Berserker)              Turns: 308, Time: 00:01:36

Health: 0/106      AC:  4    Str: 31    XL:     10   Next: 52%
Magic:  9/9        EV: 12    Int:  3    God:    Trog [*****.]
Gold:   729        SH:  0    Dex:  7    Spells: 9/9 levels left

rFire   . .          .
                       - Unarmed
rCold   . . .        (no shield)
rNeg    . . .        a - +0 animal skin
rPois   .            (helmet restricted)
rElec   .            (no cloak)
rCorr   .            (gloves unavailable)
SInv    .            (boots unavailable)
Will    .....        (no amulet)
Stlth   +            (no ring)
HPRegen 1.17/turn    (no ring)
MPRegen 0.11/turn

%: no teleportation
@: no status effects
A: large, unfitting armour, claws 3, regeneration 1, shaggy fur 1, tough skin 1,
clumsy 1, frail 1
a: Renounce Religion, Berserk, Trog's Hand, Brothers in Arms


You were in the Dungeon.
You worshipped Trog.
Trog was extremely pleased with you.
You visited 1 branch You collected 729 gold pieces.

Inventory:

Armour
 a - a +0 animal skin (worn)
Scrolls
 g - a scroll of blinking
Potions
 b - a potion of curing
 c - a potion of heal wounds
 d - a potion of haste
 e - 2 potions of magic
 f - a potion of berserk rage
 h - 3 potions of enlightenment {unknown}


   Skills:
 + Level 12.8 Fighting
 + Level 12.6 Dodging
 + Level 14.9 Unarmed Combat


You had 9 spell levels left.
You didn't know any spells.
Your spell library was empty.

Dungeon Overview and Level Annotations

Branches:
Dungeon (1/1)

Altars:

Shops:
D ?[[!?=!(:

Annotations:
D exclusion: orange crystal statue


Innate Abilities, Weirdness & Mutations

You are too large for most types of armour.
You have claws for hands.
Your natural rate of healing is unusually fast.
You are covered in fur. (AC +1)
You have tough skin. (AC +1)
You are clumsy. (Dex -2)
You are frail. (-10% HP)


Message History

You claw something! Something hits you! Something hits you but does no damage.
You barely miss the polar bear. Something hits you but does no damage.
Something completely misses you. Something barely misses you.
The polar bear bites you. The polar bear claws you.
The polar bear closely misses you. x3
The polar bear claws you but does no damage.
There is an open door, spattered with blood here.
You see here a death yak corpse.
You scratch the polar bear.
The polar bear is lightly wounded.
Something hits you! Something hits you. The polar bear closely misses you.
The polar bear claws you. The polar bear misses you. The polar bear bites you!
The polar bear claws you but does no damage.
The polar bear claws you.
You barely miss the polar bear.
The polar bear is lightly wounded.
Something hits you.
* * * LOW HITPOINT WARNING * * *
Something hits you but does no damage.
You claw the polar bear!
The polar bear is moderately wounded.
Something hits you.
* * * LOW HITPOINT WARNING * * *
Something hits you!
* * * LOW HITPOINT WARNING * * *
The polar bear bites you.
* * * LOW HITPOINT WARNING * * *
The polar bear claws you.
* * * LOW HITPOINT WARNING * * *
The polar bear barely misses you. The polar bear misses you.
The polar bear claws you.
* * * LOW HITPOINT WARNING * * *
The polar bear claws you but does no damage.
Something barely misses you.
You mangle the polar bear!!
The polar bear is almost dead.
Something hits you.
* * * LOW HITPOINT WARNING * * *
Something hits you!
You die...

###########
#.![.)h@{)#
#$..$$.#h.####
#+######'##..####+####
#..).##§≈≈≈≈≈≈##
#..###§≈§§§≈≈≈≈##
####..'≈≈§≈≈8≈§≈≈≈#
#...####≈≈≈≈§§≈≈≈
#....)~##≈≈≈§≈≈
######~~#+++#+++##


You could see 2 polar bears.

Vanquished Creatures
  Kirke (D)
  A yaktaur captain (D)
  A centaur warrior (D)
  A death yak (D)
  A skeletal warrior (D)
  3 shining eyes (D)
  An elephant (D)
  A kobold demonologist (D)
  4 neqoxecs (D)
  Menkaure (D)
  5 necrophages (D)
  An iron imp (D)
  2 spectral ball pythons (D)
23 creatures vanquished.

Vanquished Creatures (others)
  A water moccasin (D)
1 creature vanquished.

Grand Total: 24 creatures vanquished

Notes
Turn   | Place    | Note
-------+----------+-------------------------------------------
     0 | D        | sircluck the Troll Berserker began the quest for the Orb.
     0 | D        | Reached XP level 1. HP: 22/22 MP: 0/0
     1 | D        | Noticed a scorpion
     1 | D        | Noticed a scorpion
     5 | D        | Noticed a necrophage
     5 | D        | Noticed a necrophage
     5 | D        | Noticed a necrophage
     5 | D        | Noticed a necrophage
     8 | D        | Killed a necrophage
     9 | D        | Reached skill level 5 in Unarmed Combat
     9 | D        | Reached XP level 2. HP: 33/33 MP: 1/1
     9 | D        | Reached XP level 3. HP: 40/40 MP: 2/2
    11 | D        | Killed a necrophage
    12 | D        | Reached skill level 5 in Fighting
    12 | D        | Reached skill level 5 in Dodging
    12 | D        | Reached skill level 6 in Unarmed Combat
    12 | D        | Reached XP level 4. HP: 50/50 MP: 3/3
    18 | D        | Killed a necrophage
    18 | D        | Reached ** piety under Trog
    19 | D        | Reached skill level 7 in Unarmed Combat
    19 | D        | Reached XP level 5. HP: 59/59 MP: 4/4
    60 | D        | Noticed a boulder beetle
    60 | D        | Noticed a boulder beetle
    64 | D        | Noticed a neqoxec
    64 | D        | Noticed a neqoxec
    64 | D        | Noticed a neqoxec
    64 | D        | Noticed a neqoxec
    64 | D        | Gained mutation: You are clumsy. (Dex -2) [a neqoxec]
    67 | D        | Gained mutation: You are frail. (-10% HP) [a neqoxec]
    69 | D        | Killed a neqoxec
    70 | D        | Reached skill level 8 in Unarmed Combat
    70 | D        | Reached XP level 6. HP: 63/63 MP: 5/5
    72 | D        | Killed a neqoxec
    73 | D        | Reached skill level 9 in Unarmed Combat
    77 | D        | Killed a neqoxec
    77 | D        | Reached *** piety under Trog
    78 | D        | Reached XP level 7. HP: 72/72 MP: 6/6
    80 | D        | Killed a neqoxec
    81 | D        | Reached skill level 10 in Unarmed Combat
    88 | D        | Noticed an orange crystal statue
   105 | D        | Noticed Menkaure
   111 | D        | Killed Menkaure
   111 | D        | Reached **** piety under Trog
   186 | D        | Noticed a yaktaur captain
   186 | D        | Noticed a kobold demonologist
   186 | D        | Noticed Kirke
   187 | D        | Found Boaptay's Book Shoppe.
   187 | D        | Noticed a shining eye
   187 | D        | Noticed an elephant
   188 | D        | Found Dasae's Jewellery Emporium.
   188 | D        | Found Ugir's Distillery.
   188 | D        | Found Nowan's Antique Weapon Shoppe.
   188 | D        | Noticed a centaur warrior
   188 | D        | Noticed a skeletal warrior
   190 | D        | Noticed an orange demon
   198 | D        | Killed a kobold demonologist
   199 | D        | Reached XP level 8. HP: 75/82 MP: 7/7
   200 | D        | Noticed a lindwurm
   206 | D        | Noticed a lindwurm
   207 | D        | Killed Kirke
   207 | D        | Reached ***** piety under Trog
   208 | D        | Reached skill level 10 in Fighting
   208 | D        | Reached skill level 10 in Dodging
   208 | D        | Reached skill level 12 in Unarmed Combat
   208 | D        | Reached XP level 9. HP: 91/91 MP: 8/8
   210 | D        | Killed a shining eye
   214 | D        | Killed a centaur warrior
   215 | D        | Reached skill level 13 in Unarmed Combat
   217 | D        | Killed a yaktaur captain
   226 | D        | Noticed a shining eye
   227 | D        | Found Kiygot's Antique Armour Emporium.
   227 | D        | Found Xeorix's Distillery.
   227 | D        | Found Fejemmesk's Magic Scroll Emporium.
   228 | D        | Found Fiutuuv's Magic Scroll Emporium.
   228 | D        | Found Omeg's Antique Armour Shoppe.
   232 | D        | Killed a shining eye
   233 | D        | Reached XP level 10. HP: 98/103 MP: 9/9
   234 | D        | Killed an elephant
   235 | D        | Reached skill level 14 in Unarmed Combat
   237 | D        | Killed a skeletal warrior
   255 | D        | Noticed a shining eye
   260 | D        | Killed a shining eye
   274 | D        | Received a gift from Trog
   290 | D        | Noticed a death yak
   300 | D        | Killed a death yak
   308 | D        | Slain by an unseen horror

Illustrated notes

Levels and vault maps discovered:
D:        the_violet_keep_of_menkaure [sprint2_stairs_cluster_1,
          sprint2_shoproom, sprint2_temple, sprint2_basic_supplies,
          sprint2_obstacle_7, sprint2_obstacle_5, sprint2_obstacle_4,
          sprint2_obstacle_2, sprint2_obstacle_6, sprint2_timed_cluster_1,
          sprint2_smallroom_cluster_1, sprint2_smallroom_final_cluster_1,
          sprint2_transparent_cluster_1, sprint2_second_timed_cluster_1,
          sprint2_sniper_area_1, sprint2_heavy_combat_area_1,
          sprint2_mutation_trap_area_1, sprint2_forest_area_1,
          sprint2_light_combat_area_1, sprint2_behind_water_1,
          sprint2_near_end_vault_1]

Skill      XL: |  1  2  3  4  5  6  7  8  9 10 |
---------------+-------------------------------+-----
Fighting       | 4 5 7 8 9 10 11 12 | 12.8
Dodging        | 4 5 7 8 9 10 11 12 | 12.6
Unarmed Combat | 5 6 7 8 9 10 12 13 14 | 14.9

Action                     |  1- 3 |  4- 6 |  7- 9 | 10-12 || total
---------------------------+-------+-------+-------+-------++-------
  Melee: Unarmed           |     5 |    20 |    28 |    37 ||    90
         Punch             |       |       |     4 |     2 ||     6
 Invoke: Berserk           |     1 |     1 |     1 |       ||     3
 Armour: Animal skin       |       |     4 |     1 |     9 ||    14
  Dodge: Dodged            |     1 |     4 |     5 |    20 ||    30

Table legend: (Time is in decaauts)
 A = Elapsed time spent in this place.
 B = Non-inter-level travel time spent in this place.
 C = Inter-level travel time spent in this place.
 D = Time resting spent in this place.
 E = Time spent auto-exploring this place.
 F = Levels seen in this place.
 G = Mean time per level.
                   A        B        C        D        E       F      G
               +--------+--------+--------+--------+--------+-----+--------+
         Total |    307 |    288 |     19 |    140 |      0 |   1 |  307.0 |
       Dungeon |    307 |    288 |     19 |    140 |      0 |   1 |  307.0 |
               +--------+--------+--------+--------+--------+-----+--------+

Top non-repeatable levels by time:
       D: 307 daAuts
